 Dungeon Crawl Stone Soup version 0.26-a0-651-gb41185065b (webtiles) character file.

Game seed: 15837625277676884254

1319 Apogee the Grappler (level 8, -12/80 HPs)
             Began as a Troll Hunter on Oct 1, 2020.
             Was an Initiate of Makhleb.
             Mangled by Duvessa
             ... wielding a +0 short sword
              (17 damage)
             ... on level 6 of the Dungeon.
             The game lasted 00:04:16 (3550 turns).

Apogee the Grappler (Troll Hunter)                  Turns: 3550, Time: 00:04:16

Health: -12/80     AC:  7    Str: 27    XL:     8   Next: 33%
Magic:  7/7        EV: 10    Int:  7    God:    Makhleb [......]
Gold:   315        SH:  0    Dex: 12    Spells: 7/7 levels left

rFire    . . .     SeeInvis +     - Unarmed
rCold    . . .     Faith    .   (no shield)
rNeg     . . .     Spirit   .   b - +0 robe
rPois    .         Reflect  .   (helmet restricted)
rElec    .         Harm     .   i - +0 cloak
rCorr    .         Rampage  .   (gloves unavailable)
MR       .....                  (boots unavailable)
Stlth    +.........             (no amulet)
HPRegen  0.63/turn              n - +6 ring of strength
MPRegen  0.10/turn              z - ring of see invisible

@: brilliant
A: large, unfitting armour, claws 3, regeneration 1, shaggy fur 1, tough skin 3
a: Renounce Religion


You were on level 6 of the Dungeon.
You worshipped Makhleb.
Makhleb was noncommittal.
You visited 2 branches of the dungeon, and saw 7 of its levels.

You collected 315 gold pieces.

Inventory:

Missiles
 a - 115 stones
 c - 5 large rocks (quivered)
 d - 2 throwing nets {!f}
Armour
 b - a +0 robe (worn)
 i - a +0 cloak (worn)
   (You found it on level 2 of the Dungeon)
Jewellery
 f - a +6 ring of intelligence
   (You found it on level 1 of the Dungeon)
 n - a +6 ring of strength (left claw)
   (You found it on level 4 of the Dungeon)
 z - a ring of see invisible (right claw)
   (You found it on level 2 of the Dungeon)
Scrolls
 g - 3 scrolls of teleportation {unknown}
 h - 2 scrolls of amnesia {unknown}
 j - 2 scrolls of enchant weapon {unknown}
 l - 4 scrolls of remove curse {unknown}
 q - a scroll of fear {unknown}
 r - 3 scrolls of magic mapping {unknown}
 s - a scroll of enchant armour {unknown}
 v - 2 scrolls of blinking {unknown}
Potions
 e - 2 potions of ambrosia {unknown}
 k - 2 potions of flight {unknown}
 m - a potion of curing {@q1}
 o - a potion of stabbing {unknown}
 p - a potion of haste {unknown}
 t - a potion of might {unknown}
 u - a potion of cancellation {unknown}


   Skills:
 + Level 5.1 Fighting
 - Level 3.6 Throwing
 - Level 1.5 Dodging
 - Level 0.3 Stealth
 * Level 8.2 Unarmed Combat


You had 7 spell levels left.
You didn't know any spells.
Your spell library was empty.

Dungeon Overview and Level Annotations

Branches:
Dungeon (6/15)             Temple (1/1) D:5

Altars:
Ashenzari
Makhleb
Nemelex Xobeh
Qazlal
Trog
Uskayaw
Vehumet
Yredelemnul
Zin
The Shining One

Annotations:
D:6 Duvessa


Innate Abilities, Weirdness & Mutations

You are too large for most types of armour.
You have claws for hands.
Your natural rate of healing is unusually fast.
You are covered in fur. (AC +1)
You have extremely tough skin. (AC +3)


Message History

You hear a distant scream of rage.
No target in view!
Unknown command.
You start waiting.
An ufetubus comes into view.
The ufetubus shouts!
The ufetubus hits you. The ufetubus barely misses you.
The ufetubus hits you. x2
You claw the ufetubus!
You kill the ufetubus!
Makhleb accepts your kill.
No target in view!
You start resting.
Things that are here:
a +0 dagger; a +0 robe You see here a jackal corpse.
w - a bubbling inky potion
Found 19 gold pieces.
Duvessa, Sister of Dowan comes into view.
She is wielding a +0 short sword.
Duvessa goes berserk!
Duvessa rages.
Duvessa hits you with a +0 short sword.
You scratch Duvessa. Duvessa hits you with a +0 short sword.
Duvessa hits you with a +0 short sword!!
You claw Duvessa! Duvessa closely misses you.
You mangle Duvessa!! Duvessa hits you with a +0 short sword!
You claw Duvessa! Duvessa hits you with a +0 short sword.
* * * LOW HITPOINT WARNING * * *
You scratch Duvessa but do no damage. You claw Duvessa, but do no damage.
Duvessa hits you with a +0 short sword!
* * * LOW HITPOINT WARNING * * *
Duvessa hits you with a +0 short sword!
* * * LOW HITPOINT WARNING * * *
You barely miss Duvessa. Duvessa hits you with a +0 short sword!
* * * LOW HITPOINT WARNING * * *
Okay, then.
It was a potion of brilliance.
You feel clever all of a sudden. Duvessa closely misses you.
It was a potion of curing.
You feel better. Duvessa hits you with a +0 short sword!
* * * LOW HITPOINT WARNING * * *
Duvessa barely misses you.
You claw Duvessa! Duvessa hits you but does no damage.
Unknown command.
You barely miss Duvessa. You claw Duvessa!
Duvessa hits you with a +0 short sword.
* * * LOW HITPOINT WARNING * * *
You barely miss Duvessa. Duvessa closely misses you.
Duvessa hits you with a +0 short sword!
You die...

#.# #..# #.#
#..# #.# #..#
#.####..#
#.##.#..#####
##........$.
#......)....
#..#..######
#@.#..#
#e.#..#
#..#..#
...#..#
.##.#..# #..
##


You could see Duvessa (berserk).

Vanquished Creatures
  3 sky beasts
  A phantom (D:4)
  An ogre (D:5)
  A necrophage (D:4)
  A centaur (D:5)
  Dowan (D:6)
  A scorpion (D:4)
  A wight (D:4)
  2 hounds (D:5)
  A bullfrog skeleton (D:4)
  A gnoll shaman (D:2)
  2 orc wizards
  An iguana (D:5)
  3 worker ants
  A hound skeleton (D:4)
  7 gnolls
  10 adders
  An ufetubus (D:6)
  2 oozes
  An adder skeleton (D:4)
  5 worms (D:2)
  2 dart slugs
  8 leopard geckos
  7 orcs
  A ball python (D:3)
  5 giant cockroaches
  5 goblins
  6 hobgoblins
  15 jackals
  4 quokkas
  6 bats
  3 frilled lizards
  7 kobolds
  6 rats
122 creatures vanquished.

Vanquished Creatures (others)
  A plant (D:2)
1 creature vanquished.

Grand Total: 123 creatures vanquished

Notes
Turn   | Place    | Note
-------+----------+-------------------------------------------
     0 | D:1      | Apogee the Troll Hunter began the quest for the Orb.
     0 | D:1      | Reached XP level 1. HP: 19/19 MP: 0/0
    83 | D:1      | Reached skill level 1 in Unarmed Combat
   168 | D:1      | Reached XP level 2. HP: 28/28 MP: 1/1
   327 | D:1      | Reached skill level 2 in Unarmed Combat
   506 | D:1      | Reached XP level 3. HP: 35/35 MP: 2/2
   796 | D:2      | Reached skill level 3 in Unarmed Combat
   796 | D:2      | Reached XP level 4. HP: 39/44 MP: 3/3
  1349 | D:2      | Reached XP level 5. HP: 46/52 MP: 4/4
  1357 | D:2      | Reached skill level 4 in Unarmed Combat
  1866 | D:4      | Noticed a necrophage
  1875 | D:4      | Killed a necrophage
  1875 | D:4      | Reached skill level 5 in Unarmed Combat
  1875 | D:4      | Reached XP level 6. HP: 52/61 MP: 5/5
  2299 | D:4      | Reached XP level 7. HP: 68/68 MP: 6/6
  2308 | D:4      | Reached skill level 6 in Unarmed Combat
  2624 | D:5      | Entered Level 5 of the Dungeon
  2790 | D:5      | Reached skill level 7 in Unarmed Combat
  2920 | D:5      | Reached XP level 8. HP: 51/79 MP: 7/7
  2978 | D:5      | Found a broken altar of Ashenzari.
  3119 | D:5      | Found a staircase to the Ecumenical Temple.
  3237 | Temple   | Entered the Ecumenical Temple
  3308 | Temple   | Became a worshipper of Makhleb the Destroyer
  3429 | D:6      | Reached skill level 5 in Fighting
  3429 | D:6      | Reached skill level 8 in Unarmed Combat
  3467 | D:6      | Noticed Dowan
  3487 | D:6      | Killed Dowan
  3536 | D:6      | Noticed Duvessa
  3545 | D:6      | HP: 4/80 [Duvessa/+0 short sword (10)]
  3550 | D:6      | Mangled by Duvessa

Illustrated notes

Levels and vault maps discovered:
D:1:      psy_arrival_fountain, layout_basic, minmay_octomino_j4
D:2:      cheibrodos_old_hovel, layout_basic
D:3:      layout_rooms
D:4:      layout_loops_ring, minmay_fractal_squares_diagonal_5
D:5:      layout_basic, ashenzari_conservatory_becter,
          minmay_temple_entry_nine_rooms, abandoned_shop, dk_noncrumbling_4
D:6:      layout_basic, serial_shops, shop, hangedman_decor_riveting,
          kennysheep_nondescript, uniq_duvessa
Temple:   dpeg_five_rooms_temple

Skill      XL: |  1  2  3  4  5  6  7  8 |
---------------+-------------------------+-----
Unarmed Combat | 1 2 3 5 7 8 |  8.2
Fighting       | 2 3 4 5 |  5.1
Throwing       | |  3.6
Dodging        | |  1.5
Stealth        | |  0.3

Action                   |  1- 3 |  4- 6 |  7- 9 || total
-------------------------+-------+-------+-------++-------
Melee: Unarmed           |    95 |   153 |    84 ||   332
       Punch             |     1 |     2 |     7 ||    10
  Use: Potion            |       |       |     2 ||     2
 Stab: Sleeping          |     2 |     1 |     1 ||     4
Armor: Robe              |    38 |    48 |    21 ||   107
Dodge: Dodged            |    40 |    80 |    39 ||   159

Table legend: (Time is in decaauts)
 A = Elapsed time spent in this place.
 B = Non-inter-level travel time spent in this place.
 C = Inter-level travel time spent in this place.
 D = Time resting spent in this place.
 E = Time spent auto-exploring this place.
 F = Levels seen in this place.
 G = Mean time per level.
                   A        B        C        D        E       F      G
               +--------+--------+--------+--------+--------+-----+--------+
         Total |   3523 |   3271 |    252 |     77 |   2433 |   7 |  503.3 |
       Dungeon |   3401 |   3199 |    202 |     77 |   2369 |   6 |  566.8 |
        Temple |    122 |     72 |     50 |      0 |     64 |   1 |  122.0 |
               +--------+--------+--------+--------+--------+-----+--------+

Top non-repeatable levels by time:
     D:4: 759 daAuts
     D:2: 700 daAuts
     D:1: 661 daAuts
     D:5: 634 daAuts
     D:3: 486 daAuts
     D:6: 158 daAuts
  Temple: 122 daAuts
